 Dungeon Crawl Stone Soup version 0.25-a0-102-gbfa96ce22d (webtiles) character file.

Game seed: 3951450644095707886, levelgen mode: deterministic

179 vurker the Magician (level 5, 0/37 HPs)
             Began as a Mummy Fire Elementalist on Nov 15, 2019.
             Slain by Natasha (5 damage)
             ... on level 3 of the Dungeon.
             The game lasted 00:04:28 (3494 turns).

vurker the Magician (Mummy Fire Elementalist)       Turns: 3494, Time: 00:04:29

Health: 0/37       AC:  4    Str: 11    XL:     5   Next: 33%
Magic:  8/11       EV: 12    Int: 15    God:
Gold:   165        SH:  0    Dex: 13    Spells: 11/12 levels left

rFire    x . .     SeeInvis .   d - +0 dagger
rCold    + . .     Gourm    .   (no shield)
rNeg     + + +     Faith    .   a - +0 robe
rPois    ∞         Spirit   .   j - +0 helmet
rElec    .         Reflect  .   (no cloak)
rCorr    .         Harm     .   e - +0 pair of gloves
MR       .....                  (no boots)
Stlth    ++........             (no amulet)
HPRegen  0.12/turn              (no ring)
MPRegen  0.12/turn              (no ring)

@: very slightly contaminated, slowed, very slow
A: no food or potions, fire vulnerability, cold resistance 1, negative energy
resistance 3, torment resistance, unbreathing
a: no special abilities


You were on level 3 of the Dungeon.
You were not hungry.

You visited 1 branch of the dungeon, and saw 3 of its levels.

You collected 165 gold pieces.

Inventory:

Hand Weapons
 d - a +0 dagger (weapon)
   (You took it off a kobold on level 1 of the Dungeon)
Armour
 a - a +0 robe (worn)
 e - a +0 pair of gloves (worn)
   (You found it on level 1 of the Dungeon)
 j - a +0 helmet (worn)
   (You found it on level 3 of the Dungeon)
Magical Staves
 g - an uncursed staff of poison
   (You found it on level 2 of the Dungeon)
Scrolls
 b - 2 scrolls of identify {unknown}
 c - a scroll of magic mapping {unknown}
 f - a scroll of teleportation {unknown}
 h - a scroll of enchant armour {unknown}
 i - a scroll of remove curse {unknown}


   Skills:
 + Level 1.5 Fighting
 - Level 1.5 Dodging
 - Level 1.5 Stealth
 * Level 4.1 Spellcasting
 * Level 2.4 Conjurations
 * Level 3.3 Fire Magic


You had 11 spell levels left.
You knew the following spells:

 Your Spells              Type           Power        Failure   Level  Hunger
a - Flame Tongue          Conj/Fire      ##...        5%          1    N/A

Your spell library contained the following spells:

 Spells                   Type           Power        Failure   Level  Hunger
 Throw Flame              Conj/Fire      ##....       9%          2    N/A
 Conjure Flame            Conj/Fire      ##......     16%         3    N/A
 Inner Flame              Hex/Fire       #.......     26%         3    N/A
 Sticky Flame             Conj/Fire      ##......     47%         4    N/A
 Fireball                 Conj/Fire      ##........   83%         5    N/A

Dungeon Overview and Level Annotations

Branches:
Dungeon (3/15)

Altars:
Dithmenos
The Shining One

Annotations:
D:3 Natasha


Innate Abilities, Weirdness & Mutations

You do not eat or drink.
Your flesh is vulnerable to fire.
You are immune to poison.
Your flesh is cold resistant. (rC+)
You are immune to negative energy. (rN+++)
You are immune to unholy pain and torment.
You can survive without breathing.


Message History

The magic dart hits you.
Found a stone staircase leading down.
Something completely misses you. Something claws you!
The crimson imp disappears in a puff of smoke!
Something claws you.
A magic dart appears from out of thin air!
The magic dart hits you.
* * * LOW HITPOINT WARNING * * *
You open the door.
You hear some strange, mumbled words.
There is an open door here.
Something claws you but does no damage.
A magic dart appears from out of thin air!
The magic dart hits you.
* * * LOW HITPOINT WARNING * * *
You hear some strange, mumbled words.
The white imp gestures at you. The puff of frost misses you.
The white imp gestures at you. The puff of frost hits you. You resist.
* * * LOW HITPOINT WARNING * * *
The white imp gestures at you. The puff of frost misses you.
A magic dart appears from out of thin air!
The magic dart hits you.
* * * LOW HITPOINT WARNING * * *
A magic dart appears from out of thin air!
The magic dart hits you.
* * * LOW HITPOINT WARNING * * *
Natasha appears from thin air!
Reactivating autopickup.
The shadow imp disappears in a puff of smoke!
The white imp gestures at you. The puff of frost hits you. You resist.
* * * LOW HITPOINT WARNING * * *
The crimson imp disappears in a puff of smoke!
Natasha stares at you and mumbles some strange words.
You feel yourself slow down.
There is an open door here.
Aim: Natasha (lightly wounded)
The flame tongue hits Natasha!
Natasha barely misses you.
Natasha mumbles some strange words.
Aim: Natasha (severely wounded)
The flame tongue hits Natasha.
Natasha closely misses you.
Aim: Natasha (almost dead)
You miscast Flame Tongue.
You are very lightly contaminated with residual magic.
Your skin glows momentarily.
Natasha claws you.
You die...

####### ################......
......................
##################.......##......
................5'.......++...h..
##.....########h#.......##......
#.....# #####@#.......######5.
#.....# #.....#.......# #..
#.....####.....######### #..
#.....'..+.....# #..
#.....####.....# #.. ###'###
#.....# ### #.# ###+#.# ## # #.#
#.#.. ..# ##### #.#
#.##########.##...##


You could see Natasha and a white imp.

Vanquished Creatures
  An orc priest (D:3)
  An orc wizard (D:3)
  6 adders
  An ooze (D:3)
  A worm (D:2)
  3 orcs (D:3)
  8 bats
  6 giant cockroaches
  4 hobgoblins
  6 jackals (D:1)
  A quokka (D:3)
  3 frilled lizards
  6 goblins
  5 kobolds
  8 rats
60 creatures vanquished.

Notes
Turn   | Place    | Note
-------+----------+-------------------------------------------
     0 | D:1      | vurker the Mummy Fire Elementalist began the quest for the
                  | Orb.
     0 | D:1      | Reached XP level 1. HP: 13/13 MP: 4/4
    99 | D:1      | Reached skill level 1 in Conjurations
   293 | D:1      | Reached XP level 2. HP: 16/20 MP: 2/5
   516 | D:1      | Reached skill level 3 in Spellcasting
  1351 | D:2      | Reached XP level 3. HP: 16/25 MP: 1/7
  1545 | D:2      | Reached skill level 1 in Fighting
  1692 | D:2      | Reached XP level 4. HP: 32/32 MP: 6/9
  2049 | D:2      | Found a glowing golden altar of the Shining One.
  3043 | D:3      | Found a shadowy altar of Dithmenos.
  3073 | D:3      | Reached skill level 4 in Spellcasting
  3073 | D:3      | Reached XP level 5. HP: 3/37 MP: 0/11
  3426 | D:3      | Noticed Natasha
  3494 | D:3      | Slain by Natasha

Levels and vault maps discovered:
D:1:      lightli_arrival_maybe_door_vault, layout_basic
D:2:      layout_basic, tso_metal_star, minmay_pentomino_w4
D:3:      layout_basic, nicolae_dithmenos_through_a_glass_darkly, first_ration,
          uniq_natasha

Skill      XL: |  1  2  3  4 |
---------------+-------------+-----
Conjurations   | 1 2 |  2.4
Spellcasting   | 3 4 |  4.1
Fighting       | 1 |  1.5
Fire Magic     | 3 |  3.3
Dodging        | |  1.5
Stealth        | |  1.5

Action                   |  1- 3 |  4- 6 || total
-------------------------+-------+-------++-------
Melee: Unarmed           |     1 |       ||     1
       Dagger            |    12 |    29 ||    41
 Cast: Flame Tongue      |    58 |    55 ||   113
 Stab: Sleeping          |     1 |       ||     1
Armor: Robe              |     8 |    15 ||    23
Dodge: Dodged            |    23 |    39 ||    62

Table legend:
 A = Non-vault XP
 B = Vault XP
 C = Vault XP percentage of total XP
 D = Non-vault monster count
 E = Vault monster count
 F = Vault count percentage of total count
                 A         B        C        D         E       F
            +---------+---------+-------+---------+---------+-------
      Total |     237 |      20 |   7.8 |      54 |       6 |  10.0
            +---------+---------+-------+---------+---------+-------
        D:1 |      40 |       0 |   0.0 |      25 |       0 |   0.0
        D:2 |      55 |      20 |  26.7 |      11 |       6 |  35.3
        D:3 |     142 |       0 |   0.0 |      18 |       0 |   0.0
            +---------+---------+-------+---------+---------+-------
